Adelaide Pink Elephants vs Tappara Tampere
Created - Sunday, August 25, 2024 at 07:31
Goals
|
| Adelaide Pink Elephants |
0 |
2 |
1 |
3 |
| Tappara Tampere |
0 |
1 |
1 |
2 |
|
Shots
|
| Adelaide Pink Elephants |
3 |
13 |
11 |
27 |
| Tappara Tampere |
11 |
13 |
9 |
33 |
|
1st period
No Goal
Penalties :
Ben Hutton (TAP) for Fighting (Major) at 1:00, Ryan Suzuki (APE) for Fighting (Major) at 1:00, Ryan Suzuki (APE) for instigated a fight (Minor) at 1:00, Ryan Suzuki (APE) for instigated a fight (10 Minutes Misconduct) at 1:00, Denis Gurianov (APE) for Interference (Minor) at 12:30, Nikita Zaitsev (TAP) for Boarding (Minor) at 19:26
2nd period
1. Adelaide Pink Elephants , Sean Farrell 4 (Tristen Robins 5, Akil Thomas 5) at 0:49 (PP)
2. Adelaide Pink Elephants , Denis Gurianov 2 (Cal Clutterbuck 5) at 7:37
3. Tappara Tampere , Matthew Beniers 2 (Logan Stankoven 2, John Klingberg 1) at 10:40
Penalties :
Mattias Janmark (TAP) for Cross-checking (Minor) at 4:51, Robin Salo (APE) for Hooking (Minor) at 19:42
3rd period
4. Tappara Tampere , Kent Johnson 3 (Ben Hutton 1) at 3:56
5. Adelaide Pink Elephants , Sean Farrell 5 (Akil Thomas 6) at 16:02 (PP)
Penalties :
Sam Carrick (TAP) for Interference (Minor) at 15:36, Matt Martin (TAP) for Fighting (Major) at 16:03, Denis Gurianov (APE) for Fighting (Major) at 16:03
Goalie Stats
Antti Raanta (APE), 31 saves from 33 shots - (0.939), W, 3-3-0, 60:00 minutes
Joel Hofer (TAP), 24 saves from 27 shots - (0.889), L, 1-3-0, 60:00 minutes
Players Stats for Adelaide Pink Elephants
Player Name G A P +/- PIM S H SB GA TA FO MP PP MP PK MP
------------------------------------------------------------------------------------
Akil Thomas 0 2 2 0 0 4 1 0 1 0 7/13 21:26 2:14 3:08
Ben Gleason 0 0 0 0 0 0 0 0 0 0 0/0 8:05 0:00 0:00
Cal Clutterbuck 0 1 1 1 0 5 2 1 0 0 3/5 22:48 1:34 2:34
Caleb Jones 0 0 0 0 0 1 2 1 0 0 0/0 20:39 1:57 3:11
Colton Dach 0 0 0 -2 0 0 1 0 0 0 0/0 14:05 0:00 0:31
Daemon Hunt 0 0 0 -1 0 1 0 5 0 0 0/0 20:13 1:51 2:46
Denis Gurianov 1 0 1 1 7 1 3 0 0 0 2/2 19:24 1:34 1:39
Francesco Pinelli 0 0 0 -2 0 1 0 0 0 0 1/1 14:13 0:00 0:54
Fredrik Olofsson 0 0 0 0 0 4 2 1 0 0 7/23 21:33 1:34 3:08
Ilya Solovyov 0 0 0 -1 0 0 1 4 0 1 0/0 19:46 1:51 2:46
Jacob Bernard-Docker 0 0 0 0 0 1 0 1 0 2 0/0 21:38 1:57 3:11
Nick Cicek 0 0 0 0 0 0 0 0 0 1 0/0 14:20 0:00 0:00
Robin Salo 0 0 0 0 2 0 1 0 0 0 0/0 3:39 0:00 0:00
Ryan Suzuki 0 0 0 -2 17 1 2 0 0 0 2/2 12:14 0:00 0:00
Sean Farrell 2 0 2 0 0 8 3 0 2 0 0/1 18:48 2:14 0:00
Tristen Robins 0 1 1 1 0 0 1 0 0 1 2/4 20:26 2:14 0:00
Ville Heinola 0 0 0 0 0 0 0 0 0 0 0/0 8:05 0:00 0:00
William Wallinder 0 0 0 0 0 0 0 0 0 0 0/0 12:37 0:00 0:00
Players Stats for Tappara Tampere
Player Name G A P +/- PIM S H SB GA TA FO MP PP MP PK MP
------------------------------------------------------------------------------------
Andrew Cogliano 0 0 0 1 0 3 2 0 1 0 2/2 19:13 2:52 1:52
Ben Hutton 0 1 1 1 5 1 0 0 1 1 0/0 17:52 2:05 1:31
Calvin De Haan 0 0 0 0 0 0 3 1 0 0 0/0 22:02 2:55 2:17
Dominik Kubalik 0 0 0 0 0 1 0 0 0 0 0/0 10:01 0:00 0:00
Jan Rutta 0 0 0 0 0 2 3 1 0 0 0/0 22:02 2:55 2:17
Jayson Megna 0 0 0 0 0 3 2 0 0 0 2/2 18:07 3:05 1:56
John Klingberg 0 1 1 1 0 1 2 0 0 0 0/0 17:55 3:02 0:00
Kent Johnson 1 0 1 0 0 5 1 0 0 0 4/14 16:22 3:05 0:00
Logan Stankoven 0 1 1 1 0 3 2 0 0 0 1/2 17:43 2:52 0:00
Matt Martin 0 0 0 0 5 1 2 0 0 0 0/0 12:02 0:00 0:00
Matthew Beniers 1 0 1 1 0 3 1 1 1 0 12/18 17:27 2:52 0:00
Mattias Janmark 0 0 0 0 2 5 2 0 2 0 0/1 17:11 3:05 0:40
Nathan Walker 0 0 0 0 0 0 1 0 0 1 0/0 10:01 0:00 0:00
Nikita Zaitsev 0 0 0 0 2 3 1 1 0 0 0/0 19:22 0:57 0:27
Sam Carrick 0 0 0 0 2 0 2 0 0 1 2/4 13:15 0:00 0:01
Sebastian J Aho 0 0 0 0 0 0 0 2 0 0 0/0 19:36 0:00 1:04
Tanner Pearson 0 0 0 0 0 1 0 1 0 0 0/0 14:04 0:00 1:16
Tomas Nosek 0 0 0 0 0 1 2 0 0 0 4/8 11:52 0:00 1:51
3 Stars
1 - Sean Farrell (APE)
2 - Antti Raanta (APE)
3 - Matthew Beniers (TAP)
Power Play
Adelaide Pink Elephants - 2 on 3 Attempt(s) - 66.67%
Tappara Tampere - 0 on 3 Attempt(s) - 0.00%
Penalty Kill
Adelaide Pink Elephants - 3 on 3 Attempt(s) - 100.00%
- Score 0 goal in Penalty Kill
Tappara Tampere - 1 on 3 Attempt(s) - 33.33%
- Score 0 goal in Penalty Kill
Team Stat
Adelaide Pink Elephants - Hits : 19 - Faceoff Wins : 24 - Blocked Shots : 13 - Penalty Minutes : 26
Tappara Tampere - Hits : 26 - Faceoff Wins : 27 - Blocked Shots : 7 - Penalty Minutes : 16
Official
Referees : Kevin Pollock and Justin St. Pierre
Linesman : Ben O'Quinn and Bryan Pancich
Game Notes
Ben Hutton beats up Ryan Suzuki at 1:00 of 1st period
Denis Gurianov beats up Matt Martin at 16:03 of 3rd period
Adelaide Pink Elephants
5 vs 5 Forward
Center Left Wing Right Wing Time % Phy DF OF
1 Fredrik Olofsson Denis Gurianov Cal Clutterbuck 30 1 2 2
2 Akil Thomas Sean Farrell Tristen Robins 30 1 2 2
3 Ryan Suzuki Colton Dach Francesco Pinelli 25 1 2 2
4 Tristen Robins Cal Clutterbuck Denis Gurianov 15 1 2 2
5 vs 5 Defense
Defense Defense Time % Phy DF OF
1 Jacob Bernard-Docker Caleb Jones 30 1 2 2
2 Daemon Hunt Ilya Solovyov 30 1 2 2
3 William Wallinder Nick Cicek 25 1 2 2
4 Ben Gleason Ville Heinola 15 1 2 2
PowerPlay Forward
Center Left Wing Right Wing Time % Phy DF OF
1 Fredrik Olofsson Denis Gurianov Cal Clutterbuck 50 1 2 2
2 Akil Thomas Sean Farrell Tristen Robins 50 1 2 2
PowerPlay Defense
Defense Defense Time % Phy DF OF
1 Jacob Bernard-Docker Caleb Jones 50 1 2 2
2 Daemon Hunt Ilya Solovyov 50 1 2 2
Penalty Kill 4 Players Forward
Center Wing Time % Phy DF OF
1 Cal Clutterbuck Denis Gurianov 50 1 2 2
2 Fredrik Olofsson Akil Thomas 50 1 2 2
Penalty Kill 4 Players Defense
Defense Defense Time % Phy DF OF
1 Jacob Bernard-Docker Caleb Jones 50 1 2 2
2 Daemon Hunt Ilya Solovyov 50 1 2 2
Penalty Kill - 3 Players Forward
Forward Time % Phy DF OF
1 Cal Clutterbuck 50 1 2 2
2 Denis Gurianov 50 1 2 2
Penalty Kill - 3 Players Defense
Defense Defense Time % Phy DF OF
1 Jacob Bernard-Docker Caleb Jones 50 1 2 2
2 Daemon Hunt Ilya Solovyov 50 1 2 2
4 vs 4 Forward
Center Wing Time % Phy DF OF
1 Cal Clutterbuck Denis Gurianov 50 1 2 2
2 Fredrik Olofsson Akil Thomas 50 1 2 2
4 vs 4 Defense
Defense Defense Time % Phy DF OF
1 Jacob Bernard-Docker Caleb Jones 50 1 2 2
2 Daemon Hunt Ilya Solovyov 50 1 2 2
Last Minutes Offensive
Center Left Wing Right Wing Defense Defense
Fredrik Olofsson Denis Gurianov Cal Clutterbuck Jacob Bernard-Docker Caleb Jones
Last Minutes Defensive
Center Left Wing Right Wing Defense Defense
Fredrik Olofsson Denis Gurianov Cal Clutterbuck Jacob Bernard-Docker Caleb Jones
Goaltenders
Starting : Antti Raanta
Backup : Daniel Vladar
Extra Forwards
Normal : Ryan Suzuki, Colton Dach, Francesco Pinelli - PP : Ryan Suzuki, Colton Dach - PK : Francesco Pinelli
Extra Defensemen
Normal : Robin Salo, William Wallinder, Nick Cicek - PP : Robin Salo - PK : William Wallinder, Nick Cicek
Penalty Shots
Cal Clutterbuck, Denis Gurianov, Fredrik Olofsson, Akil Thomas, Ryan Suzuki
Scratches
Kyle Masters (Healthy), Brett Harrison (Healthy), Jakub Brabenec (Healthy), Ryder Korczak (Healthy), Philippe Daoust (Healthy)
Matthew Murray (Healthy)
Tappara Tampere
5 vs 5 Forward
Center Left Wing Right Wing Time % Phy DF OF
1 Matthew Beniers Andrew Cogliano Logan Stankoven 28 1 2 2
2 Kent Johnson Jayson Megna Mattias Janmark 28 1 2 2
3 Sam Carrick Tanner Pearson Matt Martin 26 1 2 2
4 Tomas Nosek Nathan Walker Dominik Kubalik 18 1 2 2
5 vs 5 Defense
Defense Defense Time % Phy DF OF
1 Jan Rutta Calvin De Haan 34 1 2 2
2 Ben Hutton John Klingberg 33 1 2 2
3 Nikita Zaitsev Sebastian J Aho 33 1 2 2
4 Jan Rutta Calvin De Haan 0 1 2 2
PowerPlay Forward
Center Left Wing Right Wing Time % Phy DF OF
1 Matthew Beniers Andrew Cogliano Logan Stankoven 50 1 1 3
2 Kent Johnson Jayson Megna Mattias Janmark 50 1 1 3
PowerPlay Defense
Defense Defense Time % Phy DF OF
1 Jan Rutta Calvin De Haan 50 1 2 2
2 Ben Hutton John Klingberg 50 1 2 2
Penalty Kill 4 Players Forward
Center Wing Time % Phy DF OF
1 Tomas Nosek Andrew Cogliano 50 1 3 1
2 Jayson Megna Mattias Janmark 50 1 3 1
Penalty Kill 4 Players Defense
Defense Defense Time % Phy DF OF
1 Jan Rutta Calvin De Haan 50 2 2 1
2 Ben Hutton Nikita Zaitsev 50 2 2 1
Penalty Kill - 3 Players Forward
Forward Time % Phy DF OF
1 Jayson Megna 50 1 3 1
2 Tomas Nosek 50 1 3 1
Penalty Kill - 3 Players Defense
Defense Defense Time % Phy DF OF
1 Jan Rutta Calvin De Haan 50 2 2 1
2 Ben Hutton Nikita Zaitsev 50 2 2 1
4 vs 4 Forward
Center Wing Time % Phy DF OF
1 Matthew Beniers Andrew Cogliano 50 1 2 2
2 Logan Stankoven Kent Johnson 50 1 2 2
4 vs 4 Defense
Defense Defense Time % Phy DF OF
1 Jan Rutta Calvin De Haan 50 1 2 2
2 Ben Hutton John Klingberg 50 1 2 2
Last Minutes Offensive
Center Left Wing Right Wing Defense Defense
Matthew Beniers Andrew Cogliano Logan Stankoven Jan Rutta Calvin De Haan
Last Minutes Defensive
Center Left Wing Right Wing Defense Defense
Matthew Beniers Andrew Cogliano Logan Stankoven Jan Rutta Calvin De Haan
Goaltenders
Starting : Joel Hofer
Backup : Chris Driedger
Extra Forwards
Normal : Sam Carrick, Matt Martin, Tanner Pearson - PP : Sam Carrick, Matt Martin - PK : Tanner Pearson
Extra Defensemen
Normal : Nikita Zaitsev, Sebastian J Aho, Ben Hutton - PP : Nikita Zaitsev - PK : Sebastian J Aho, Ben Hutton
Penalty Shots
Matthew Beniers, Andrew Cogliano, Logan Stankoven, Kent Johnson, Mattias Janmark
Scratches
Andreas Englund (Healthy), Niko Mikkola (Healthy), Klim Kostin (Healthy), Ville Ottavainen (Healthy), Max Sasson (Healthy)
Sheldon Dries (Healthy), Jesper Vikman (Healthy), Nikita Tolopilo (Healthy), Brandon Bussi (Healthy)
% Time on Ice - Adelaide Pink Elephants
Lines # - Real PCT - Wanted PCT - Time Play
Normal Forward
1 - 28% - 30% - 13:38
2 - 33% - 30% - 16:07
3 - 30% - 25% - 14:44
4 - 9% - 15% - 4:37
Normal Defense
1 - 30% - 30% - 14:41
2 - 30% - 30% - 14:42
3 - 24% - 25% - 11:38
4 - 16% - 15% - 8:05
PP Forward
1 - 41% - 50% - 1:34
2 - 59% - 50% - 2:14
PP Defense
1 - 51% - 50% - 1:57
2 - 49% - 50% - 1:51
PK Forward
1 - 47% - 50% - 2:49
2 - 53% - 50% - 3:08
PK Defense
1 - 54% - 50% - 3:11
2 - 46% - 50% - 2:46
PK3 Forward
1 - 0% - 50%
2 - 0% - 50%
PK3 Defense
1 - 0% - 50%
2 - 0% - 50%
44 Forward
1 - 0% - 50%
2 - 0% - 50%
44 Defense
1 - 0% - 50%
2 - 0% - 50%
Last Minute Offensive - 0:00
Last Minute Defensive - 1:09
Total
Forward - 60:00
Defense - 60:00
|
% Time on Ice - Tappara Tampere
Lines # - Real PCT - Wanted PCT - Time Play
Normal Forward
1 - 26% - 28% - 13:00
2 - 27% - 28% - 13:27
3 - 26% - 26% - 12:39
4 - 20% - 18% - 10:01
Normal Defense
1 - 33% - 34% - 16:16
2 - 32% - 33% - 15:43
3 - 35% - 33% - 17:08
4 - 0% - 0% - 0:00
PP Forward
1 - 48% - 50% - 2:52
2 - 52% - 50% - 3:05
PP Defense
1 - 49% - 50% - 2:55
2 - 51% - 50% - 3:02
PK Forward
1 - 49% - 50% - 1:51
2 - 51% - 50% - 1:57
PK Defense
1 - 60% - 50% - 2:17
2 - 40% - 50% - 1:31
PK3 Forward
1 - 0% - 50%
2 - 0% - 50%
PK3 Defense
1 - 0% - 50%
2 - 0% - 50%
44 Forward
1 - 0% - 50%
2 - 0% - 50%
44 Defense
1 - 0% - 50%
2 - 0% - 50%
Last Minute Offensive - 1:08
Last Minute Defensive - 0:00
Total
Forward - 60:00
Defense - 60:00
|
Play-by-Play
1st period
0:01 of 1st period - Andrew Cogliano wins face-off versus Fredrik Olofsson in neutral zone.
0:14 of 1st period - Snap shot by Logan Stankoven.
0:14 of 1st period - Deflect By Matthew Beniers.
0:14 of 1st period - Stopped by Antti Raanta with a rebound.
0:37 of 1st period - Wrist shot by Sam Carrick.
0:37 of 1st period - Deflect By Daemon Hunt.
0:37 of 1st period - Shot Blocked by Ilya Solovyov.
0:37 of 1st period - Puck is out of play.
0:38 of 1st period - Akil Thomas wins face-off versus Kent Johnson in Adelaide Pink Elephants zone.
0:55 of 1st period - Icing by Jayson Megna.
0:56 of 1st period - Ryan Suzuki wins face-off versus Kent Johnson in Tappara Tampere zone.
1:00 of 1st period - Ben Hutton beats up Ryan Suzuki.
1:00 of 1st period - Penalty to Ben Hutton for Fighting.
1:00 of 1st period - Penalty to Ryan Suzuki for Fighting.
1:00 of 1st period - Penalty to Ryan Suzuki for instigated a fight.
1:00 of 1st period - Penalty to Ryan Suzuki for instigated a fight.
1:01 of 1st period - Matthew Beniers wins face-off versus Cal Clutterbuck in Tappara Tampere zone.
1:10 of 1st period - Wrist shot by Cal Clutterbuck.
1:10 of 1st period - Stopped by Joel Hofer without a rebound.
1:11 of 1st period - Matthew Beniers wins face-off versus Cal Clutterbuck in Tappara Tampere zone.
1:16 of 1st period - Jacob Bernard-Docker is hit by Calvin De Haan and loses puck.
1:33 of 1st period - Fredrik Olofsson is hit by Andrew Cogliano and loses puck.
2:02 of 1st period - Wrist shot by Logan Stankoven.
2:02 of 1st period - Stopped by Antti Raanta without a rebound.
2:03 of 1st period - Kent Johnson wins face-off versus Fredrik Olofsson in Adelaide Pink Elephants zone.
2:04 of 1st period - Snap shot by Mattias Janmark.
2:04 of 1st period - Stopped by Antti Raanta with a rebound.
2:06 of 1st period - Snap shot by Kent Johnson.
2:06 of 1st period - Shot Blocked by Daemon Hunt.
2:08 of 1st period - Wrist shot by Mattias Janmark.
2:08 of 1st period - Stopped by Antti Raanta with a rebound.
2:10 of 1st period - Snap shot by John Klingberg.
2:10 of 1st period - Shot Blocked by Fredrik Olofsson.
2:12 of 1st period - Wrist shot by Kent Johnson.
2:12 of 1st period - Shot Misses the Net.
2:14 of 1st period - Snap shot by Jayson Megna.
2:14 of 1st period - Stopped by Antti Raanta with a rebound.
2:16 of 1st period - Slapshot by Nikita Zaitsev.
2:16 of 1st period - Deflect By Fredrik Olofsson.
2:16 of 1st period - Stopped by Antti Raanta with a rebound.
2:18 of 1st period - Snap shot by Jayson Megna.
2:18 of 1st period - Deflect By Mattias Janmark.
2:18 of 1st period - Stopped by Antti Raanta with a rebound.
3:00 of 1st period - Penalty to Ryan Suzuki is over, Francesco Pinelli is send on ice.
3:12 of 1st period - Snap shot by Cal Clutterbuck.
3:12 of 1st period - Shot Blocked by Tanner Pearson.
3:20 of 1st period - Tanner Pearson is hit by Denis Gurianov and loses puck.
4:29 of 1st period - Tomas Nosek is hit by Sean Farrell and loses puck.
4:40 of 1st period - Denis Gurianov is hit by Matt Martin and loses puck.
5:19 of 1st period - Matt Martin is hit by Robin Salo and loses puck.
7:20 of 1st period - Jacob Bernard-Docker is hit by Tomas Nosek.
9:09 of 1st period - Icing by Daemon Hunt.
9:10 of 1st period - Francesco Pinelli wins face-off versus Kent Johnson in Adelaide Pink Elephants zone.
9:42 of 1st period - Tristen Robins is hit by Logan Stankoven and loses puck.
10:32 of 1st period - Icing by Jayson Megna.
10:33 of 1st period - Tristen Robins wins face-off versus Matthew Beniers in Tappara Tampere zone.
10:42 of 1st period - Slapshot by Kent Johnson.
10:42 of 1st period - Stopped by Antti Raanta with a rebound.
11:09 of 1st period - Andrew Cogliano is hit by Sean Farrell and loses puck.
11:16 of 1st period - Sean Farrell is hit by Logan Stankoven and loses puck.
11:43 of 1st period - Backhand shot by Akil Thomas.
11:43 of 1st period - Stopped by Joel Hofer with a rebound.
11:56 of 1st period - Off-side.
11:57 of 1st period - Kent Johnson wins face-off versus Fredrik Olofsson in neutral zone.
12:09 of 1st period - Wrist shot by Cal Clutterbuck.
12:09 of 1st period - Deflect By Denis Gurianov.
12:09 of 1st period - Shot Blocked by Sebastian J Aho.
12:09 of 1st period - Puck is out of play.
12:10 of 1st period - Sam Carrick wins face-off versus Fredrik Olofsson in Tappara Tampere zone.
12:23 of 1st period - Wrist shot by Matt Martin.
12:23 of 1st period - Stopped by Antti Raanta without a rebound.
12:24 of 1st period - Kent Johnson wins face-off versus Fredrik Olofsson in Adelaide Pink Elephants zone.
12:30 of 1st period - Minor Penalty to Denis Gurianov for Interference.
12:31 of 1st period - Cal Clutterbuck wins face-off versus Mattias Janmark in Adelaide Pink Elephants zone.
12:31 of 1st period - Cal Clutterbuck is hit by John Klingberg.
14:05 of 1st period - Francesco Pinelli is hit by Jan Rutta and loses puck.
14:18 of 1st period - Fredrik Olofsson is hit by Kent Johnson and loses puck.
14:30 of 1st period - Penalty to Denis Gurianov is over, Denis Gurianov is back on ice.
14:47 of 1st period - Wrist shot by Tanner Pearson.
14:47 of 1st period - Shot Blocked by Caleb Jones.
14:50 of 1st period - Icing by Jacob Bernard-Docker.
14:51 of 1st period - Tomas Nosek wins face-off versus Akil Thomas in Adelaide Pink Elephants zone.
14:52 of 1st period - Wrist shot by Dominik Kubalik.
14:52 of 1st period - Stopped by Antti Raanta with a rebound.
16:00 of 1st period - 10 Minutes Misconduct Penalty to Ryan Suzuki is over.
16:27 of 1st period - Slapshot by Dominik Kubalik.
16:27 of 1st period - Shot Misses the Net.
16:55 of 1st period - Snap shot by Matthew Beniers.
16:55 of 1st period - Shot Misses the Net.
17:19 of 1st period - Mattias Janmark is hit by Denis Gurianov and loses puck.
17:32 of 1st period - Jacob Bernard-Docker is hit by Matt Martin.
17:44 of 1st period - Cal Clutterbuck is hit by Jan Rutta and loses puck.
18:09 of 1st period - Jacob Bernard-Docker is hit by Jan Rutta and loses puck.
18:58 of 1st period - Slapshot by Kent Johnson.
18:58 of 1st period - Deflect By Jayson Megna.
18:58 of 1st period - Stopped by Antti Raanta with a rebound.
19:20 of 1st period - Backhand shot by Dominik Kubalik.
19:20 of 1st period - Deflect By Nathan Walker.
19:20 of 1st period - Shot Hit the Post.
19:20 of 1st period - Puck is out of play.
19:21 of 1st period - Fredrik Olofsson wins face-off versus Kent Johnson in Adelaide Pink Elephants zone.
19:21 of 1st period - Fredrik Olofsson is hit by Mattias Janmark.
19:26 of 1st period - Minor Penalty to Nikita Zaitsev for Boarding.
19:27 of 1st period - Fredrik Olofsson wins face-off versus Tomas Nosek in Tappara Tampere zone.
19:43 of 1st period - Ben Hutton is hit by Fredrik Olofsson.
19:53 of 1st period - Ben Hutton is hit by Tristen Robins and loses puck.
19:58 of 1st period - Backhand shot by Akil Thomas.
19:58 of 1st period - Stopped by Joel Hofer without a rebound.
19:59 of 1st period - Akil Thomas wins face-off versus Tomas Nosek in Tappara Tampere zone.
Goals for this period are 0 for Adelaide Pink Elephants vs 0 for Tappara Tampere.
Shots for this period are 3 for Adelaide Pink Elephants vs 11 for Tappara Tampere.
2nd period
0:01 of 2nd period - Tomas Nosek wins face-off versus Akil Thomas in neutral zone.
0:17 of 2nd period - Icing by Daemon Hunt.
0:18 of 2nd period - Tomas Nosek wins face-off versus Akil Thomas in Adelaide Pink Elephants zone.
0:21 of 2nd period - Slapshot by Andrew Cogliano.
0:21 of 2nd period - Shot Blocked by Daemon Hunt.
0:37 of 2nd period - Snap shot by Akil Thomas.
0:37 of 2nd period - Deflect By Sean Farrell.
0:37 of 2nd period - Stopped by Joel Hofer with a rebound.
0:39 of 2nd period - Slapshot by Daemon Hunt.
0:39 of 2nd period - Stopped by Joel Hofer with a rebound.
0:41 of 2nd period - Wrist shot by Tristen Robins.
0:41 of 2nd period - Shot Blocked by Sebastian J Aho.
0:43 of 2nd period - Wrist shot by Akil Thomas.
0:43 of 2nd period - Shot Misses the Net.
0:45 of 2nd period - Snap shot by Tristen Robins.
0:45 of 2nd period - Deflect By Sean Farrell.
0:45 of 2nd period - Stopped by Joel Hofer with a rebound.
0:49 of 2nd period - Slapshot by Sean Farrell.
0:49 of 2nd period - Goal by Sean Farrell - Adelaide Pink Elephants : 1 - Tappara Tampere : 0.
0:50 of 2nd period - Denis Gurianov wins face-off versus Kent Johnson in neutral zone.
1:05 of 2nd period - Snap shot by Kent Johnson.
1:05 of 2nd period - Shot Blocked by Daemon Hunt.
2:02 of 2nd period - Cal Clutterbuck is hit by Tomas Nosek and loses puck.
2:17 of 2nd period - Snap shot by Sean Farrell.
2:17 of 2nd period - Stopped by Joel Hofer without a rebound.
2:18 of 2nd period - Akil Thomas wins face-off versus Kent Johnson in Tappara Tampere zone.
2:45 of 2nd period - Sebastian J Aho is hit by Cal Clutterbuck and loses puck.
2:54 of 2nd period - Wrist shot by Fredrik Olofsson.
2:54 of 2nd period - Shot Misses the Net.
3:04 of 2nd period - Sam Carrick is hit by Ryan Suzuki and loses puck.
3:27 of 2nd period - Snap shot by Sean Farrell.
3:27 of 2nd period - Stopped by Joel Hofer with a rebound.
3:37 of 2nd period - Wrist shot by Tanner Pearson.
3:37 of 2nd period - Stopped by Antti Raanta with a rebound.
3:58 of 2nd period - Off-side.
3:59 of 2nd period - Akil Thomas wins face-off versus Matthew Beniers in neutral zone.
4:24 of 2nd period - Ben Hutton is hit by Caleb Jones and loses puck.
4:31 of 2nd period - Snap shot by Cal Clutterbuck.
4:31 of 2nd period - Stopped by Joel Hofer without a rebound.
4:32 of 2nd period - Kent Johnson wins face-off versus Fredrik Olofsson in Tappara Tampere zone.
4:42 of 2nd period - Icing by Daemon Hunt.
4:43 of 2nd period - Denis Gurianov wins face-off versus Kent Johnson in Adelaide Pink Elephants zone.
4:51 of 2nd period - Minor Penalty to Mattias Janmark for Cross-checking.
4:52 of 2nd period - Jayson Megna wins face-off versus Fredrik Olofsson in Tappara Tampere zone.
5:02 of 2nd period - Slapshot by Fredrik Olofsson.
5:02 of 2nd period - Shot Blocked by Calvin De Haan.
5:07 of 2nd period - Snap shot by Fredrik Olofsson.
5:07 of 2nd period - Stopped by Joel Hofer without a rebound.
5:08 of 2nd period - Andrew Cogliano wins face-off versus Akil Thomas in Tappara Tampere zone.
5:57 of 2nd period - Snap shot by Akil Thomas.
5:57 of 2nd period - Stopped by Joel Hofer without a rebound.
5:58 of 2nd period - Tomas Nosek wins face-off versus Fredrik Olofsson in Tappara Tampere zone.
6:23 of 2nd period - Daemon Hunt is hit by Jayson Megna and loses puck.
6:51 of 2nd period - Penalty to Mattias Janmark is over, Mattias Janmark is back on ice.
6:56 of 2nd period - Snap shot by Akil Thomas.
6:56 of 2nd period - Shot Misses the Net.
7:09 of 2nd period - Slapshot by Jan Rutta.
7:09 of 2nd period - Stopped by Antti Raanta with a rebound.
7:11 of 2nd period - Slapshot by Jan Rutta.
7:11 of 2nd period - Stopped by Antti Raanta without a rebound.
7:12 of 2nd period - Ryan Suzuki wins face-off versus Tomas Nosek in Adelaide Pink Elephants zone.
7:37 of 2nd period - Wrist shot by Denis Gurianov.
7:37 of 2nd period - Goal by Denis Gurianov - Adelaide Pink Elephants : 2 - Tappara Tampere : 0.
7:38 of 2nd period - Matthew Beniers wins face-off versus Fredrik Olofsson in neutral zone.
7:41 of 2nd period - Snap shot by Logan Stankoven.
7:41 of 2nd period - Stopped by Antti Raanta without a rebound.
7:42 of 2nd period - Matthew Beniers wins face-off versus Fredrik Olofsson in Adelaide Pink Elephants zone.
7:51 of 2nd period - Fredrik Olofsson is hit by Matthew Beniers and loses puck.
7:56 of 2nd period - Snap shot by Andrew Cogliano.
7:56 of 2nd period - Stopped by Antti Raanta with a rebound.
7:58 of 2nd period - Snap shot by Andrew Cogliano.
7:58 of 2nd period - Stopped by Antti Raanta with a rebound.
8:38 of 2nd period - Backhand shot by Akil Thomas.
8:38 of 2nd period - Shot Misses the Net.
9:02 of 2nd period - Wrist shot by Sean Farrell.
9:02 of 2nd period - Stopped by Joel Hofer with a rebound.
9:04 of 2nd period - Slapshot by Akil Thomas.
9:04 of 2nd period - Deflect By Tristen Robins.
9:04 of 2nd period - Shot Misses the Net.
9:04 of 2nd period - Puck is out of play.
9:05 of 2nd period - Fredrik Olofsson wins face-off versus Matthew Beniers in Tappara Tampere zone.
9:06 of 2nd period - Snap shot by Cal Clutterbuck.
9:06 of 2nd period - Stopped by Joel Hofer without a rebound.
9:07 of 2nd period - Logan Stankoven wins face-off versus Fredrik Olofsson in Tappara Tampere zone.
9:12 of 2nd period - Slapshot by Logan Stankoven.
9:12 of 2nd period - Shot Misses the Net.
9:40 of 2nd period - Jan Rutta is hit by Ryan Suzuki and loses puck.
9:57 of 2nd period - Tomas Nosek is hit by Cal Clutterbuck and loses puck.
10:38 of 2nd period - Snap shot by Logan Stankoven.
10:38 of 2nd period - Shot Misses the Net.
10:40 of 2nd period - Wrist shot by Matthew Beniers.
10:40 of 2nd period - Goal by Matthew Beniers - Adelaide Pink Elephants : 2 - Tappara Tampere : 1.
10:41 of 2nd period - Fredrik Olofsson wins face-off versus Kent Johnson in neutral zone.
11:12 of 2nd period - Snap shot by Colton Dach.
11:12 of 2nd period - Shot Blocked by Nikita Zaitsev.
11:14 of 2nd period - Snap shot by Francesco Pinelli.
11:14 of 2nd period - Stopped by Joel Hofer without a rebound.
11:15 of 2nd period - Akil Thomas wins face-off versus Sam Carrick in Tappara Tampere zone.
11:40 of 2nd period - Jayson Megna is hit by Denis Gurianov.
12:05 of 2nd period - Jayson Megna is hit by Fredrik Olofsson and loses puck.
12:25 of 2nd period - Snap shot by Kent Johnson.
12:25 of 2nd period - Shot Misses the Net.
12:27 of 2nd period - Slapshot by John Klingberg.
12:27 of 2nd period - Shot Misses the Net.
12:29 of 2nd period - Snap shot by Kent Johnson.
12:29 of 2nd period - Stopped by Antti Raanta with a rebound.
13:24 of 2nd period - Snap shot by Mattias Janmark.
13:24 of 2nd period - Stopped by Antti Raanta without a rebound.
13:25 of 2nd period - Matthew Beniers wins face-off versus Akil Thomas in Adelaide Pink Elephants zone.
13:59 of 2nd period - Slapshot by Nikita Zaitsev.
13:59 of 2nd period - Stopped by Antti Raanta with a rebound.
14:01 of 2nd period - Slapshot by Nikita Zaitsev.
14:01 of 2nd period - Stopped by Antti Raanta without a rebound.
14:02 of 2nd period - Matthew Beniers wins face-off versus Akil Thomas in Adelaide Pink Elephants zone.
14:03 of 2nd period - Wrist shot by Logan Stankoven.
14:03 of 2nd period - Shot Misses the Net.
14:05 of 2nd period - Wrist shot by Andrew Cogliano.
14:05 of 2nd period - Shot Misses the Net.
14:07 of 2nd period - Slapshot by Jan Rutta.
14:07 of 2nd period - Deflect By Matthew Beniers.
14:07 of 2nd period - Stopped by Antti Raanta with a rebound.
16:28 of 2nd period - Robin Salo is hit by John Klingberg and loses puck.
17:01 of 2nd period - Daemon Hunt is hit by Sam Carrick and loses puck.
17:22 of 2nd period - Snap shot by Nathan Walker.
17:22 of 2nd period - Shot Misses the Net.
19:05 of 2nd period - Snap shot by Matthew Beniers.
19:05 of 2nd period - Shot Misses the Net.
19:42 of 2nd period - Minor Penalty to Robin Salo for Hooking.
19:43 of 2nd period - Jayson Megna wins face-off versus Fredrik Olofsson in Adelaide Pink Elephants zone.
19:44 of 2nd period - Wrist shot by Kent Johnson.
19:44 of 2nd period - Stopped by Antti Raanta with a rebound.
Goals for this period are 2 for Adelaide Pink Elephants vs 1 for Tappara Tampere.
Shots for this period are 13 for Adelaide Pink Elephants vs 13 for Tappara Tampere.
3rd period
0:01 of 3rd period - Matthew Beniers wins face-off versus Fredrik Olofsson in neutral zone.
0:26 of 3rd period - Cal Clutterbuck is hit by Mattias Janmark.
0:32 of 3rd period - Backhand shot by Kent Johnson.
0:32 of 3rd period - Stopped by Antti Raanta with a rebound.
0:34 of 3rd period - Slapshot by Ben Hutton.
0:34 of 3rd period - Stopped by Antti Raanta without a rebound.
0:35 of 3rd period - Fredrik Olofsson wins face-off versus Kent Johnson in Adelaide Pink Elephants zone.
1:42 of 3rd period - Penalty to Robin Salo is over, Robin Salo is back on ice.
2:26 of 3rd period - Nick Cicek is hit by Sam Carrick and loses puck.
3:56 of 3rd period - Snap shot by Kent Johnson.
3:56 of 3rd period - Goal by Kent Johnson - Adelaide Pink Elephants : 2 - Tappara Tampere : 2.
3:57 of 3rd period - Matthew Beniers wins face-off versus Fredrik Olofsson in neutral zone.
4:25 of 3rd period - Tanner Pearson is hit by Colton Dach and loses puck.
4:50 of 3rd period - Wrist shot by Tomas Nosek.
4:50 of 3rd period - Stopped by Antti Raanta with a rebound.
4:56 of 3rd period - Slapshot by Caleb Jones.
4:56 of 3rd period - Stopped by Joel Hofer without a rebound.
4:57 of 3rd period - Matthew Beniers wins face-off versus Tristen Robins in Tappara Tampere zone.
5:08 of 3rd period - Denis Gurianov is hit by Andrew Cogliano and loses puck.
5:28 of 3rd period - Off-side.
5:29 of 3rd period - Akil Thomas wins face-off versus Kent Johnson in neutral zone.
5:32 of 3rd period - Snap shot by Sean Farrell.
5:32 of 3rd period - Stopped by Joel Hofer with a rebound.
5:46 of 3rd period - Slapshot by Jayson Megna.
5:46 of 3rd period - Shot Blocked by Ilya Solovyov.
5:53 of 3rd period - Snap shot by Mattias Janmark.
5:53 of 3rd period - Deflect By Kent Johnson.
5:53 of 3rd period - Shot Blocked by Ilya Solovyov.
5:53 of 3rd period - Puck is out of play.
5:54 of 3rd period - Matthew Beniers wins face-off versus Fredrik Olofsson in Adelaide Pink Elephants zone.
5:55 of 3rd period - Wrist shot by Logan Stankoven.
5:55 of 3rd period - Stopped by Antti Raanta without a rebound.
5:56 of 3rd period - Matthew Beniers wins face-off versus Fredrik Olofsson in Adelaide Pink Elephants zone.
5:59 of 3rd period - Snap shot by Matthew Beniers.
5:59 of 3rd period - Deflect By Logan Stankoven.
5:59 of 3rd period - Shot Misses the Net.
5:59 of 3rd period - Puck is out of play.
6:00 of 3rd period - Cal Clutterbuck wins face-off versus Matthew Beniers in Adelaide Pink Elephants zone.
6:12 of 3rd period - Slapshot by John Klingberg.
6:12 of 3rd period - Shot Misses the Net.
6:14 of 3rd period - Slapshot by John Klingberg.
6:14 of 3rd period - Shot Misses the Net.
6:16 of 3rd period - Snap shot by Logan Stankoven.
6:16 of 3rd period - Shot Blocked by Jacob Bernard-Docker.
6:30 of 3rd period - Snap shot by Kent Johnson.
6:30 of 3rd period - Shot Misses the Net.
6:32 of 3rd period - Slapshot by Jayson Megna.
6:32 of 3rd period - Shot Misses the Net.
6:34 of 3rd period - Wrist shot by Mattias Janmark.
6:34 of 3rd period - Shot Misses the Net.
6:36 of 3rd period - Slapshot by Mattias Janmark.
6:36 of 3rd period - Shot Blocked by Cal Clutterbuck.
6:38 of 3rd period - Slapshot by John Klingberg.
6:38 of 3rd period - Stopped by Antti Raanta with a rebound.
6:54 of 3rd period - Matt Martin is hit by Sean Farrell and loses puck.
7:01 of 3rd period - Snap shot by Sean Farrell.
7:01 of 3rd period - Deflect By Akil Thomas.
7:01 of 3rd period - Stopped by Joel Hofer with a rebound.
7:52 of 3rd period - Wrist shot by Mattias Janmark.
7:52 of 3rd period - Shot Blocked by Ilya Solovyov.
8:08 of 3rd period - Daemon Hunt is hit by Calvin De Haan and loses puck.
8:32 of 3rd period - Wrist shot by Dominik Kubalik.
8:32 of 3rd period - Shot Blocked by Daemon Hunt.
10:02 of 3rd period - Fredrik Olofsson is hit by Calvin De Haan and loses puck.
14:32 of 3rd period - Slapshot by Tanner Pearson.
14:32 of 3rd period - Shot Hit the Post.
14:50 of 3rd period - Slapshot by Sebastian J Aho.
14:50 of 3rd period - Shot Misses the Net.
14:52 of 3rd period - Wrist shot by Mattias Janmark.
14:52 of 3rd period - Stopped by Antti Raanta with a rebound.
14:54 of 3rd period - Snap shot by Mattias Janmark.
14:54 of 3rd period - Shot Misses the Net.
14:56 of 3rd period - Wrist shot by Jayson Megna.
14:56 of 3rd period - Shot Blocked by Daemon Hunt.
14:58 of 3rd period - Wrist shot by Jayson Megna.
14:58 of 3rd period - Stopped by Antti Raanta without a rebound.
14:59 of 3rd period - Akil Thomas wins face-off versus Matthew Beniers in Adelaide Pink Elephants zone.
15:36 of 3rd period - Minor Penalty to Sam Carrick for Interference.
15:37 of 3rd period - Cal Clutterbuck wins face-off versus Tomas Nosek in Tappara Tampere zone.
15:40 of 3rd period - Snap shot by Cal Clutterbuck.
15:40 of 3rd period - Shot Misses the Net.
15:48 of 3rd period - Snap shot by Denis Gurianov.
15:48 of 3rd period - Shot Misses the Net.
15:50 of 3rd period - Snap shot by Caleb Jones.
15:50 of 3rd period - Shot Blocked by Jan Rutta.
16:02 of 3rd period - Snap shot by Sean Farrell.
16:02 of 3rd period - Goal by Sean Farrell - Adelaide Pink Elephants : 3 - Tappara Tampere : 2.
16:03 of 3rd period - Tristen Robins wins face-off versus Sam Carrick in neutral zone.
16:03 of 3rd period - Denis Gurianov beats up Matt Martin.
16:03 of 3rd period - Penalty to Matt Martin for Fighting.
16:03 of 3rd period - Penalty to Denis Gurianov for Fighting.
16:04 of 3rd period - Sam Carrick wins face-off versus Tristen Robins in neutral zone.
16:11 of 3rd period - Slapshot by Logan Stankoven.
16:11 of 3rd period - Shot Misses the Net.
16:29 of 3rd period - John Klingberg is hit by Akil Thomas and loses puck.
16:56 of 3rd period - Backhand shot by Ben Hutton.
16:56 of 3rd period - Shot Misses the Net.
16:58 of 3rd period - Slapshot by John Klingberg.
16:58 of 3rd period - Shot Misses the Net.
17:00 of 3rd period - Slapshot by Andrew Cogliano.
17:00 of 3rd period - Stopped by Antti Raanta without a rebound.
17:01 of 3rd period - Matthew Beniers wins face-off versus Sean Farrell in Adelaide Pink Elephants zone.
17:34 of 3rd period - Slapshot by Calvin De Haan.
17:34 of 3rd period - Shot Misses the Net.
18:20 of 3rd period - Caleb Jones is hit by Jayson Megna and loses puck.
18:37 of 3rd period - Tristen Robins is hit by Nathan Walker and loses puck.
18:44 of 3rd period - Tristen Robins is hit by Nikita Zaitsev and loses puck.
19:11 of 3rd period - Nikita Zaitsev is hit by Ilya Solovyov and loses puck.
19:20 of 3rd period - Andrew Cogliano is hit by Caleb Jones and loses puck.
19:25 of 3rd period - Slapshot by Fredrik Olofsson.
19:25 of 3rd period - Stopped by Joel Hofer without a rebound.
19:26 of 3rd period - Joe Sacco call a timeout for Tappara Tampere.
19:26 of 3rd period - Fredrik Olofsson wins face-off versus Logan Stankoven in Tappara Tampere zone.
19:27 of 3rd period - Snap shot by Cal Clutterbuck.
19:27 of 3rd period - Stopped by Joel Hofer with a rebound.
19:29 of 3rd period - Wrist shot by Fredrik Olofsson.
19:29 of 3rd period - Stopped by Joel Hofer without a rebound.
19:30 of 3rd period - Fredrik Olofsson wins face-off versus Matthew Beniers in Tappara Tampere zone.
19:31 of 3rd period - Wrist shot by Cal Clutterbuck.
19:31 of 3rd period - Stopped by Joel Hofer with a rebound.
19:33 of 3rd period - Wrist shot by Ryan Suzuki.
19:33 of 3rd period - Stopped by Joel Hofer with a rebound.
19:35 of 3rd period - Wrist shot by Caleb Jones.
19:35 of 3rd period - Shot Misses the Net.
19:37 of 3rd period - Snap shot by Cal Clutterbuck.
19:37 of 3rd period - Shot Blocked by Matthew Beniers.
19:39 of 3rd period - Wrist shot by Ryan Suzuki.
19:39 of 3rd period - Shot Misses the Net.
19:49 of 3rd period - Wrist shot by Fredrik Olofsson.
19:49 of 3rd period - Stopped by Joel Hofer with a rebound.
19:51 of 3rd period - Snap shot by Jacob Bernard-Docker.
19:51 of 3rd period - Stopped by Joel Hofer with a rebound.
Goals for this period are 1 for Adelaide Pink Elephants vs 1 for Tappara Tampere.
Shots for this period are 11 for Adelaide Pink Elephants vs 9 for Tappara Tampere.
Back to the Top